 Dungeon Crawl Stone Soup version 0.30-a0-718-geaa24f58ff (webtiles) character file.

Game seed: 11775167195770731909

0 ASSMAN the Sneak (level 1, -1/14 HPs)
             Began as a Kobold Delver on Jan 25, 2023.
             Slain by a centaur (6 damage)
             ... on level 6 of the Dungeon.
             The game lasted 00:00:47 (140 turns).

ASSMAN the Sneak (Kobold Delver)                     Turns: 140, Time: 00:00:48

Health: -1/14      AC:  3    Str:  9    XL:     1   Next: 0%
Magic:  1/1        EV: 14    Int: 11    God:
Gold:   0          SH:  0    Dex: 16    Spells: 0/0 levels left

rFire   . . .      SeeInvis .    a - +0 short sword
rCold   . . .      Faith    .    (no shield)
rNeg    . . .      Spirit   .    b - +0 leather armour
rPois   .          Reflect  .    (no helmet)
rElec   .          Harm     .    (no cloak)
rCorr   .          Rampage  .    (no gloves)
Will    .....                    (no boots)
Stlth   ++++                     (no amulet)
HPRegen 0.22/turn                (no ring)
MPRegen 0.07/turn                (no ring)

@: no status effects
A: small, no large weapons, nightstalker 3
a: no special abilities


You were on level 6 of the Dungeon.
You visited 1 branch of the dungeon, and saw 2 of its levels.

Inventory:

Hand Weapons
 a - a +0 short sword (weapon)
Armour
 b - a +0 leather armour (worn)
Wands
 f - a wand of paralysis (9)
 g - a wand of digging (3)
Scrolls
 c - a scroll of fog
 d - a scroll of magic mapping
 e - a scroll of fear


   Skills:
 - Level 3.2 Fighting
 + Level 2.6 Short Blades
 - Level 2.4 Dodging
 + Level 6.6 Stealth


You couldn't memorise any spells.
You didn't know any spells.
Your spell library was empty.

Dungeon Overview and Level Annotations

Branches:
Dungeon (6/15)
 Temple: D:4-7

Altars:


Innate Abilities, Weirdness & Mutations

You are small and have problems with some larger weapons.
You are completely attuned to the shadows.


Message History

You hit the centaur but do no damage. The centaur hits you.
The centaur closely misses you.
You hit the centaur.
The centaur is lightly wounded.
The centaur misses you. The centaur closely misses you. x2
The centaur barely misses you.
You hit the centaur.
The centaur is lightly wounded.
The centaur closely misses you. The centaur misses you.
You hit the centaur.
The centaur is moderately wounded.
The centaur hits you but does no damage.
The centaur kicks you but does no damage.
You hit the centaur.
The centaur is moderately wounded.
The centaur misses you.
The centaur kicks you but does no damage.
The centaur closely misses you. The centaur kicks you.
You barely miss the centaur.
The centaur is moderately wounded.
The centaur hits you.
The centaur kicks you but does no damage.
You hit the centaur.
The centaur is heavily wounded.
The centaur barely misses you. x2
You hit the centaur.
The centaur is severely wounded.
The centaur drinks a potion.
The centaur is healed!
The centaur closely misses you. The centaur misses you.
You hit the centaur.
The centaur is moderately wounded.
The centaur hits you but does no damage.
The centaur kicks you.
You hit the centaur.
The centaur is moderately wounded.
The centaur completely misses you. The centaur barely misses you.
You hit the centaur.
The centaur is moderately wounded.
The centaur hits you.
You die...

≈~~~ #.# .~~~ #.# ≈~~.
#.# ~≈~.##.###
≈≈~c@....# ###
≈~~~##.#.# ###<# ≈.~#
#.#.#
....##############.#.#
##..........>.....(#.#
##.################
#.# #.# ..#


You could see a centaur.

Vanquished Creatures (others)
  15 fungi (D:5)
15 creatures vanquished.

Notes
Turn   | Place    | Note
-------+----------+-------------------------------------------
     0 | D:5      | ASSMAN the Kobold Delver began the quest for the Orb.
     0 | D:5      | Reached XP level 1. HP: 14/14 MP: 1/1
     5 | D:5      | Noticed a phantom
   128 | D:6      | Noticed a centaur
   140 | D:6      | Slain by a centaur

Illustrated notes

Levels and vault maps discovered:
D:5:      old_forge, layout_gridville, gammafunk_ghost_stat_death
D:6:      layout_loops_ring, mainiacjoe_overflow_paths,
          mainiacjoe_overflow_tiny_flanked, minmay_temple_entry_overgrown,
          chequers_serial_rivers_large_a, uniq_crazy_yiuf_cottage

Action                     || total
---------------------------++-------
  Melee: Short sword       ||    23
    Use: Potion            ||     1
 Armour: Leather armour    ||     8
  Dodge: Dodged            ||    20

Table legend: (Time is in decaauts)
 A = Elapsed time spent in this place.
 B = Non-inter-level travel time spent in this place.
 C = Inter-level travel time spent in this place.
 D = Time resting spent in this place.
 E = Time spent auto-exploring this place.
 F = Levels seen in this place.
 G = Mean time per level.
                   A        B        C        D        E       F      G
               +--------+--------+--------+--------+--------+-----+--------+
         Total |    121 |    121 |      0 |     52 |     19 |   2 |   60.5 |
       Dungeon |    121 |    121 |      0 |     52 |     19 |   2 |   60.5 |
               +--------+--------+--------+--------+--------+-----+--------+

Top non-repeatable levels by time:
     D:6: 87 daAuts
     D:5: 33 daAuts
